 Dungeon Crawl Stone Soup version 0.30-b1-2-g02819fbbbe (webtiles) character file.

Game seed: 13849932713132058036

149 Ashen the Ogre Mage (level 5, -2/49 HPs)
             Began as an Ogre Air Elementalist on Sept 10, 2023.
             Slain by a mummy (11 damage)
             ... in an ossuary.
             The game lasted 00:11:04 (3586 turns).

Ashen the Ogre Mage (Ogre Air Elementalist)         Turns: 3586, Time: 00:11:05

Health: -2/49      AC:  3    Str: 12    XL:     5   Next: 31%
Magic:  8/9        EV: 10    Int: 18    God:
Gold:   211        SH:  0    Dex:  9    Spells: 4/10 levels left

rFire   . . .        (no weapon)
rCold   . . .        (no shield)
rNeg    . . .        a - +0 robe
rPois   .            (helmet restricted)
rElec   .            (no cloak)
rCorr   .            (gloves unavailable)
SInv    .            (boots unavailable)
Will    .....        e - amulet of the acrobat
Stlth   ++           (no ring)
HPRegen 0.28/turn    (no ring)
MPRegen 0.11/turn

%: acrobat
@: no status effects
A: large, unfitting armour, tough skin 1
a: no special abilities


You were in an ossuary.
You visited 1 branch of the dungeon, and saw 4 of its levels.
You also visited: Ossuary.

You collected 211 gold pieces.

Inventory:

Armour
 a - a +0 robe (worn)
Jewellery
 e - an amulet of the acrobat (around neck)
Scrolls
 c - a scroll of vulnerability {unknown}
 f - a scroll of immolation {unknown}
 g - a scroll of acquirement {unknown}
 h - a scroll of brand weapon {unknown}
 i - a scroll of magic mapping {unknown}
 j - 2 scrolls of fog {unknown}
 k - a scroll of blinking {unknown}
 m - 4 scrolls of identify {unknown}
 q - a scroll of teleportation {unknown}
 r - a scroll of noise {unknown}
 s - a scroll of enchant armour {unknown}
 u - a scroll of poison {unknown}
 w - a scroll of fear {unknown}
Potions
 d - 3 potions of curing {unknown}
 l - 2 potions of cancellation {unknown}
 n - 2 potions of might {unknown}
 o - a potion of haste {unknown}
 p - a potion of mutation {unknown}
 t - a potion of invisibility {unknown}
 v - a potion of degeneration {unknown}


   Skills:
 + Level 2.1 Fighting
 + Level 0.6 Maces & Flails
 + Level 2.4 Dodging
 + Level 2.1 Stealth
 + Level 3.2 Spellcasting
 + Level 1.8 Conjurations
 + Level 3.2 Air Magic


You had 4 spell levels left.
You knew the following spells:

 Your Spells              Type           Power      Damage    Failure   Level
a - Shock                 Conj/Air       48%        1d6       5%          1
b - Static Discharge      Conj/Air       24%        2-3/arc   9%          2
c - Swiftness             Air            14%        N/A       13%         3

Your spell library contained the following spells:

 Spells                   Type           Power      Damage    Failure   Level
 Airstrike                Air            7%         2d(1-17)  38%         4


Dungeon Overview and Level Annotations

Branches:
Dungeon (4/15)            Ossuary (1/1)
 Temple: D:4-7

Altars:
Fedhas


Innate Abilities, Weirdness & Mutations

You are too large for most types of armour.
You have tough skin. (AC +1)


Message History

The orc zombie is heavily damaged.
The mummy is struck by an arc of lightning.
The mummy is moderately damaged.
The lightning grounds out.
The mummy hits you.
Casting: Static Discharge (safe; 9% risk of failure)
Confirm with . or Enter, or press ? or * to list all spells.
The mummy is struck by an arc of lightning.
The mummy is lightly damaged.
You are struck by an arc of lightning.
The lightning grounds out.
Unknown command.
You hit the mummy but do no damage. You punch the mummy, but do no damage.
The mummy is moderately damaged.
The mummy hits you! The mummy closely misses you.
You hit the mummy but do no damage.
The mummy is moderately damaged.
You hit the mummy but do no damage.
The mummy is moderately damaged.
The mummy barely misses you. x2
You hit the mummy but do no damage.
The mummy is moderately damaged.
The mummy hits you!! The mummy hits you.
You hit the mummy but do no damage.
The mummy is moderately damaged.
You hit the mummy but do no damage.
The mummy is moderately damaged.
The mummy hits you. The mummy hits you but does no damage.
There is a gate leading back out of this place here.
Magic courses through your body. The mummy barely misses you.
The mummy hits you!
* * * LOW HITPOINT WARNING * * *
Casting: Static Discharge (safe; 9% risk of failure)
Confirm with . or Enter, or press ? or * to list all spells.
Aiming: Shock (safe; 5% risk of failure)
Press: ? - help, Shift-Dir - straight line The zap hits the mummy.
The mummy is heavily damaged.
The zap hits the mummy.
The mummy is severely damaged.
The orc zombie closely misses you. The mummy hits you!
You die...

#....#
#....#
#....#
#....#
#....#
#....#
#....#
#MMZ.#
#.@∩.#
######


You could see 2 mummies and an orc zombie.

Vanquished Creatures
  A human zombie (D:4)
  A human skeleton (D:4)
  2 adders (D:2)
  9 orcs (D:3)
  4 bats
  6 endoplasms
  2 giant cockroaches
  A gnoll zombie (Ossuary)
  3 goblins (D:1)
  6 hobgoblins
  4 jackals (D:1)
  6 ball pythons
  6 frilled lizards
  3 hobgoblin zombies (Ossuary)
  7 kobolds
  A kobold zombie (Ossuary)
  An orc zombie (Ossuary)
  7 rats
70 creatures vanquished.

Notes
Turn   | Place    | Note
-------+----------+-------------------------------------------
     0 | D:1      | Ashen the Ogre Air Elementalist began the quest for the
                  | Orb.
     0 | D:1      | Reached XP level 1. HP: 16/16 MP: 3/3
   212 | D:1      | Reached skill level 1 in Conjurations
   448 | D:1      | Reached XP level 2. HP: 26/26 MP: 0/5
   956 | D:1      | Reached skill level 1 in Fighting
  1015 | D:1      | Reached XP level 3. HP: 33/33 MP: 5/7
  2091 | D:2      | Reached XP level 4. HP: 35/41 MP: 3/8
  2732 | D:3      | Found a blossoming altar of Fedhas.
  3114 | D:3      | Learned a level 2 spell: Static Discharge
  3118 | D:3      | Learned a level 3 spell: Swiftness
  3362 | D:4      | Reached XP level 5. HP: 28/49 MP: 2/9
  3379 | D:4      | Found a sand-covered staircase.
  3426 | Ossuary  | Entered an ossuary
  3586 | Ossuary  | Slain by a mummy

Illustrated notes

Levels and vault maps discovered:
D:1:      heliophobic_arrival_enchanted_forest, layout_loops_corners
D:2:      minmay_chambers_of_ones, layout_loops_ring
D:3:      layout_basic, fedhas_ov_isle_minmay, solitary_fountain
D:4:      layout_basic, minmay_temple_entry_fiery,
          nicolae_ossuary_entry_catacombs
Ossuary:  ossuary_tomb_3

Skill      XL: |  1  2  3  4 |
---------------+-------------+-----
Conjurations   | 1 |  1.8
Dodging        | 2 |  2.4
Fighting       | 1 2 |  2.1
Air Magic      | 3 |  3.2
Spellcasting   | 3 |  3.2
Stealth        | 2 |  2.1
Maces & Flails | |  0.6

Action                     |  1- 3 |  4- 6 || total
---------------------------+-------+-------++-------
  Melee: Unarmed           |    37 |    71 ||   108
         Punch             |       |     2 ||     2
   Cast: Shock             |    67 |    64 ||   131
         Static Discharge  |       |     2 ||     2
    Use: Potion            |       |     1 ||     1
   Stab: Sleeping          |     1 |       ||     1
 Armour: Robe              |    12 |    16 ||    28
  Dodge: Dodged            |    40 |    33 ||    73
